 Dungeon Crawl Stone Soup version 0.23-a0-151-gf6d1ed2 (webtiles) character file.

687 Amnesiac the Chiller (level 7, -2/46 HPs)
             Began as a Mummy Ice Elementalist on Sept 8, 2018.
             Slain by a centaur (8 damage)
             ... on level 6 of the Dungeon.
             The game lasted 00:09:08 (3275 turns).

Amnesiac the Chiller (Mummy Ice Elementalist)       Turns: 3275, Time: 00:09:08

Health: -2/46      AC:  7    Str: 12    XL:     7   Next: 35%
Magic:  11/13      EV: 12    Int: 16    God:
Gold:   162        SH:  0    Dex: 12    Spells: 5/15 levels left

rFire    x . .     SeeInvis .   b - +1 blowgun (curse)
rCold    + . .     Gourm    .   (no shield)
rNeg     + + +     Faith    .   e - +0 robe
rPois    ∞         Spirit   .   (no helmet)
rElec    .         Reflect  .   f - +0 cloak
rCorr    .         Harm     .   g - +0 pair of gloves
MR       .....                  c - +2 pair of boots
Stlth    ++........             (no amulet)
HPRegen  0.15/turn              (no ring)
MPRegen  0.13/turn              (no ring)

@: no status effects
A: no food or potions, fire vulnerability, cold resistance 1, negative energy
resistance 3, torment resistance, unbreathing
a: no special abilities


You were on level 6 of the Dungeon.
You were not hungry.

You visited 1 branch of the dungeon, and saw 6 of its levels.

You collected 162 gold pieces.

Inventory:

Hand Weapons
 a - a +0 long sword
 b - a cursed +1 blowgun (weapon)
Armour
 c - a +2 pair of boots (worn)
 e - a +0 robe (worn)
 f - a +0 cloak (worn)
 g - a +0 pair of gloves (worn)
Wands
 h - a wand of polymorph (21)
 k - a wand of random effects (56)
Scrolls
 d - a scroll of immolation {!r}
 l - a scroll of teleportation {!r}


   Skills:
 - Level 1.5 Dodging
 - Level 1.5 Stealth
 + Level 4.6 Spellcasting
 * Level 4.6 Conjurations
 * Level 4.7 Ice Magic


You had 5 spell levels left.
You knew the following spells:

 Your Spells              Type           Power        Failure   Level  Hunger
a - Freeze                Ice            ###.         2%          1    N/A
b - Searing Ray           Conj           ###...       3%          2    N/A
d - Throw Icicle          Conj/Ice       ###.....     22%         4    N/A
z - Ozocubu's Armour      Chrm/Ice       ##......     19%         3    N/A

Your spell library contained the following spells:

 Spells                   Type           Power        Failure   Level  Hunger
 Magic Dart               Conj           ###.         2%          1    N/A
 Throw Frost              Conj/Ice       ###...       3%          2    N/A
 Dazzling Spray           Conj/Hex       ##....       19%         3    N/A
 Iskenderun's Mystic Bla  Conj           ###.....     24%         4    N/A
 Force Lance              Conj/Tloc      ##......     52%         4    N/A
 Fulminant Prism          Conj/Hex       ##........   52%         4    N/A
 Summon Ice Beast         Ice/Summ       ##......     52%         4    N/A

Dungeon Overview and Level Annotations

Branches:
Dungeon (6/15)
 Temple: D:4-7

Altars:
Qazlal

Shops:
D:6 =

Annotations:
D:2 exclusion: downstairs
D:3 exclusion: ogre, Sigmund
D:5 exclusion: downstairs


Innate Abilities, Weirdness & Mutations

You do not eat or drink.
Your flesh is vulnerable to fire.
You are immune to poison.
Your flesh is cold resistant. (rC+)
You are immune to negative energy. (rN+++)
You are immune to unholy pain and torment.
You can survive without breathing.


Message History

Aiming: Searing Ray (safe; 4% risk of failure)
Press: ? - help, Shift-Dir - straight line, f/p - Eustachio
Aim: Eustachio, wielding a rapier and wearing a leather armour (severely The searing ray hits Eustachio.
Eustachio is almost dead. (Press . to maintain the ray.)
The searing ray misses Eustachio.
Eustachio screams, "Hey, you killed my favourite bat!"
The searing ray hits Eustachio.
You kill Eustachio!
There is an open door here.
Things that are here:
a rapier; a leather armour; the human corpse of Eustachio
i - 2 curare-tipped needles You start resting.
Magic restored.
There is an open door here.
There is an open door here.
There is a stone staircase leading down here.
This staircase is marked as excluded!
Enter next level anyway?
Okay, then.
This staircase is marked as excluded!
Enter next level anyway?
You climb downwards.
There is a stone staircase leading up here.
You see here an arrow.
Unknown command.
Firing (i - inventory)
i - 2 curare-tipped needles (quivered)
Press: ? - help, Shift-Dir - straight line, f - centaur
Aim: a centaur, wielding a shortbow You shoot a curare-tipped needle.
The curare-tipped needle barely misses the centaur.
The centaur shoots an arrow.
The arrow hits you!
The centaur shoots an arrow.
The arrow barely misses you.
Firing (i - inventory)
i - a curare-tipped needle (quivered)
Press: ? - help, Shift-Dir - straight line, f/p - centaur
Aim: a centaur, wielding a shortbow You shoot a curare-tipped needle.
The curare-tipped needle hits the centaur.
The centaur is poisoned.
The centaur convulses.
The centaur seems to slow down.
The centaur is heavily wounded.
The centaur shoots an arrow.
The arrow hits you.
Unknown command.
The centaur shoots an arrow.
The arrow hits you!
* * * LOW HITPOINT WARNING * * *
You see here an arrow.
The centaur shoots an arrow.
The arrow hits you!
* * * LOW HITPOINT WARNING * * *
You see here an arrow.
The centaur shoots an arrow.
The arrow barely misses you.
The centaur unwields an uncursed shortbow.
The centaur completely misses you.
Found 15 gold pieces.
Casting: Searing Ray (safe; 3% risk of failure)
Confirm with . or Enter, or press ? or * to list all spells.
Aiming: Searing Ray (safe; 3% risk of failure)
Press: ? - help, Shift-Dir - straight line, f/p - centaur
Aim: a centaur (heavily wounded, slow, poisoned)
The searing ray hits the centaur.
The centaur is severely wounded. (Press . to maintain the ray.)
The centaur hits you!
You die...

#.........
#.......###
#..........
+<.......#
#.(......#
##(.......#
#.∩(......#
#.........#.
#...@.......
#...c..$..#.
#....(...##
#.!......#
#....#####
......
.......
$.......


You could see a centaur.

Vanquished Creatures
  Eustachio (D:5)
  Duvessa (D:5)
  A phantom (D:5)
  Dowan (D:5)
  A howler monkey (D:5)
  A crimson imp (D:5)
  2 hounds (D:4)
  2 iguanas (D:4)
  2 worker ants (D:4)
  4 adders
  3 worms
  A leopard gecko (D:5)
  8 orcs
  A bat (D:2)
  4 goblins
  A hobgoblin (D:2)
  A quokka (D:2)
  A ball python (D:3)
  3 frilled lizards
  4 kobolds
  A rat (D:3)
44 creatures vanquished.

Notes
Turn   | Place    | Note
-------+----------+-------------------------------------------
     0 | D:1      | Amnesiac the Mummy Ice Elementalist began the quest for the
                  | Orb.
     0 | D:1      | Reached XP level 1. HP: 13/13 MP: 4/4
   338 | D:3      | Reached XP level 2. HP: 18/19 MP: 0/5
   393 | D:3      | Noticed an ogre
   402 | D:3      | Noticed Sigmund
   691 | D:2      | Found a stormy altar of Qazlal.
   849 | D:2      | Reached XP level 3. HP: 24/24 MP: 1/7
   854 | D:2      | Learned a level 3 spell: Ozocubu's Armour
  1016 | D:3      | Learned a level 2 spell: Searing Ray
  1233 | D:5      | Entered Level 5 of the Dungeon
  1233 | D:5      | Noticed an ice beast
  1296 | D:5      | Reached XP level 4. HP: 30/30 MP: 5/9
  1304 | D:5      | Learned a level 4 spell: Throw Icicle
  1428 | D:4      | Reached skill level 1 in Conjurations
  1643 | D:3      | Reached XP level 5. HP: 35/35 MP: 9/11
  1775 | D:5      | Noticed Duvessa
  1775 | D:5      | Noticed Dowan
  1789 | D:5      | Killed Dowan
  1910 | D:5      | Killed Duvessa
  1910 | D:5      | Reached XP level 6. HP: 26/41 MP: 7/12
  2614 | D:6      | Found Suotim's Jewellery Boutique.
  3033 | D:5      | Reached XP level 7. HP: 45/46 MP: 1/13
  3174 | D:5      | Noticed Eustachio
  3182 | D:5      | Killed Eustachio
  3275 | D:6      | Slain by a centaur

Vault maps used:
D:1:      dpeg_arrival_tiny_a
D:2:      grunt_qazlal_clouds
D:3:      gammafunk_ghost_nasty_kobolds, uniq_sigmund
D:5:      first_ration, uniq_eustachio, uniq_duvessa
D:6:      serial_shops, shop, minmay_checkerbox

Skill      XL: |  1  2  3  4  5  6 |
---------------+-------------------+-----
Ice Magic      | 3 4 |  4.7
Spellcasting   | 3 4 |  4.6
Conjurations   | 1 3 4 |  4.6
Dodging        | |  1.5
Stealth        | |  1.5

Action                   |  1- 3 |  4- 6 |  7- 9 || total
-------------------------+-------+-------+-------++-------
 Fire: Blowgun           |       |    16 |     4 ||    20
 Cast: Freeze            |    38 |    40 |       ||    78
       Searing Ray       |       |    12 |     3 ||    15
  Use: Scroll            |       |     3 |       ||     3
Armor: Robe              |    12 |     9 |       ||    21
Dodge: Dodged            |    17 |    22 |     3 ||    42
       Rpst.: Falchion   |     3 |     2 |       ||     5

Table legend:
 A = Non-vault XP
 B = Vault XP
 C = Vault XP percentage of total XP
 D = Non-vault monster count
 E = Vault monster count
 F = Vault count percentage of total count
                 A         B        C        D         E       F
            +---------+---------+-------+---------+---------+-------
      Total |     560 |     422 |  43.0 |      41 |       3 |   6.8
            +---------+---------+-------+---------+---------+-------
        D:1 |       3 |       0 |   0.0 |       2 |       0 |   0.0
        D:2 |      31 |       0 |   0.0 |       9 |       0 |   0.0
        D:3 |      25 |       0 |   0.0 |       8 |       0 |   0.0
        D:4 |     253 |       0 |   0.0 |      13 |       0 |   0.0
        D:5 |     248 |     422 |  63.0 |       9 |       3 |  25.0
            +---------+---------+-------+---------+---------+-------
